 Dungeon Sprint DCSS version 0.17.2-1-ge4368a0 (webtiles) character file.

3544 mopl the Unseen (level 9, -4/48 HPs)
             Began as a Spriggan Assassin on Aug 23, 2016.
             Was an Elder of Trog.
             Slain by a yaktaur (7 damage)
             ... in the Dungeon (Sprint II: "The Violet Keep of Menkaure").
             The game lasted 00:05:12 (369 turns).

mopl the Unseen (Spriggan Assassin)                  Turns: 369, Time: 00:05:12

Health: -4/48      AC:  5    Str:  7    XL:     9   Next: 82%
Magic:  10/10      EV: 17    Int: 13    God:    Trog [****..]
Gold:   21         SH:  0    Dex: 20    Spells: 0 memorised, 8 levels left

rFire  + . .     SeeInvis +     a - +2 rapier (freeze)
rCold  . . .     Clarity  .     p - +2 robe {rF+}
rNeg   . . .     SustAt   .     (shield restricted)
rPois  .         Gourm    .     (helmet restricted)
rElec  .         Spirit   .     d - +0 cloak
rCorr  .         Warding  .     (gloves unavailable)
rMut   .         NoTele   +     (boots unavailable)
MR     +....                    n - amulet of faith {!P}
Stlth  ++++++++..               (no ring)
                                (no ring)

@: very slightly contaminated, invisible, very quick, somewhat resistant to
hostile enchantments, extraordinarily stealthy
A: unfitting armour, see invisible, herbivore 3, speed 3, slow metabolism 2
a: Berserk, Trog's Hand, Brothers in Arms, Burn Spellbooks, Renounce Religion


You were in the Dungeon.
You worshipped Trog.
Trog was greatly pleased with you.
You were not hungry.

You visited 1 branch You collected 1240 gold pieces.
You spent 1219 gold pieces at shops.

Inventory:

Hand Weapons
 a - a +2 rapier of freezing (weapon)
 b - a +0 blowgun
 w - a +2 dagger
Missiles
 e - 7 poisoned needles
 f - a throwing net (quivered)
Armour
 c - a +0 robe
 d - a +0 cloak (worn)
 p - a +2 robe of fire resistance (worn)
Jewellery
 n - an amulet of faith (around neck) {!P}
Scrolls
 m - 2 scrolls of blinking
 s - 3 scrolls of identify
 t - 2 scrolls of remove curse
 u - 2 scrolls of enchant weapon
 v - a scroll of fear
Potions
 h - a potion of curing
 i - a potion of heal wounds
 j - a potion of haste
 k - 2 potions of magic
 l - a potion of berserk rage {!q}
 q - 2 potions of agility
 z - a potion of cancellation
Comestibles
 g - a bread ration


   Skills:
 + Level 6.2 Fighting
 + Level 8.3 Short Blades
 * Level 16.0 Throwing
 - Level 1.5 Dodging
 + Level 17.8 Stealth


You had 8 spell levels left.
You didn't know any spells.

Dungeon Overview and Level Annotations

Branches:
Dungeon (1/1)

Altars:
Cheibriados
Dithmenos
Elyvilon
Fedhas
Gozag
Kikubaaqudgha
Makhleb
Nemelex Xobeh
Okawaru
Qazlal
Ru
Sif Muna
Trog
Vehumet
Xom
Yredelemnul
Zin
The Shining One
Beogh
Jiyva
Lugonu

Shops:
D %?:=![}[:*=(![(

Annotations:
D exclusion: oklob plant


Innate Abilities, Weirdness & Mutations

You are tiny and cannot use many weapons and most armour.
You have supernaturally acute eyesight.
You are a herbivore.
You cover ground extremely quickly.
You need consume almost no food.


Message History

Unknown command.
You hit the polar bear.
The polar bear is heavily wounded.
The yaktaur shoots a bolt.
The bolt barely misses the polar bear.
You hit the polar bear but do no damage.
The polar bear is heavily wounded.
The polar bear closely misses you.
The polar bear claws you but does no damage.
The polar bear misses you.
You strike the helpless polar bear from behind!
You stick the polar bear like a pincushion!!!
You freeze the polar bear.
You kill the polar bear!
Trog accepts your kill.
You can now call in reinforcements.
Your Throwing skill increases to level 16!
You hit the yaktaur. You freeze the yaktaur.
The yaktaur is lightly wounded.
The yaktaur unwields an uncursed arbalest.
The yaktaur hits you!
You die... .....#..'..^.# '##..#(.####.# #.##.####..'.### #..#....#.(#...#### ? #.####..#####..##$# )?)$(

'###.##..#.)'^.#.(#▓(%(%?!
.##...#..#%.#..#†(#▓)(![%%$[
<†'.##'..####..##c#▓!$$)%![[
.####.#....###..@##▓▓▓▓▓▓▓+
'###†##...§..≈≈≈≈≈≈≈≈≈≈≈≈≈
#.####≈≈..§..≈#'########+###
##.#≈≈≈≈§≈§.§§#..._._._#§≈≈#
..##≈≈§≈≈≈§≈.≈#.._._._.#≈≈§≈
'##≈≈≈§§§§≈≈≈≈#._._._._#§§≈≈
≈≈≈≈≈≈§≈≈≈§§≈≈#_._._._.#§§§§
#+++#≈§§§≈≈≈§≈#._._._..#§§§§


SS≈ ##≈§≈###≈≈#_._._...#§§§§ You could see a yaktaur.

Vanquished Creatures
  A great orb of eyes (D)
  An ice dragon (D)
  A death yak (D)
  3 polar bears (D)
  2 boulder beetles (D)
  2 hippogriffs (D)
  A wasp (D)
  2 crocodiles (D)
  4 brain worms (D)
  A scorpion (D)
  3 worms (D)
21 creatures vanquished.

Vanquished Creatures (others)
  Menkaure (D)
1 creature vanquished.

Grand Total: 22 creatures vanquished

Notes
Turn   | Place    | Note
--------------------------------------------------------------
     0 | D        | mopl the Spriggan Assassin began the quest for the Orb.
     0 | D        | Reached XP level 1. HP: 10/10 MP: 2/2
     1 | D        | Noticed a brain worm
     4 | D        | Killed a brain worm
     4 | D        | Reached skill level 6 in Throwing
     4 | D        | Reached skill level 9 in Stealth
     4 | D        | Reached XP level 2. HP: 14/14 MP: 3/3
     4 | D        | Reached XP level 3. HP: 18/18 MP: 4/4
     4 | D        | Reached XP level 4. HP: 22/22 MP: 5/5
     5 | D        | Noticed a brain worm
     6 | D        | Killed a brain worm
     6 | D        | Reached skill level 8 in Throwing
     6 | D        | Reached skill level 10 in Stealth
     6 | D        | Reached XP level 5. HP: 25/25 MP: 6/6
     7 | D        | Noticed a brain worm
     7 | D        | Noticed a brain worm
     9 | D        | Killed a brain worm
     9 | D        | Reached skill level 9 in Throwing
     9 | D        | Reached skill level 11 in Stealth
    11 | D        | Killed a brain worm
    11 | D        | Reached skill level 10 in Throwing
    11 | D        | Reached skill level 12 in Stealth
    11 | D        | Reached XP level 6. HP: 30/30 MP: 7/7
    38 | D        | Noticed a boulder beetle
    38 | D        | Noticed a boulder beetle
    49 | D        | Killed a boulder beetle
    49 | D        | Reached skill level 11 in Throwing
    49 | D        | Reached skill level 13 in Stealth
    71 | D        | Killed a boulder beetle
    71 | D        | Reached skill level 12 in Throwing
    71 | D        | Reached skill level 14 in Stealth
    71 | D        | Reached XP level 7. HP: 33/33 MP: 8/8
    86 | D        | Noticed a hippogriff
    86 | D        | Noticed a hippogriff
    89 | D        | Killed a hippogriff
    89 | D        | Reached skill level 13 in Throwing
    89 | D        | Reached skill level 15 in Stealth
    93 | D        | Killed a hippogriff
    93 | D        | Reached skill level 2 in Fighting
    96 | D        | Found Ykeun's Magic Scroll Shop.
    97 | D        | Found Yshrolat's Antique Weapon Boutique.
    97 | D        | Found Zawiubis's Antique Weapon Shop.
    97 | D        | Found Pecopsit's Distillery.
    97 | D        | Found Sesuipek's General Store.
    97 | D        | Found Wulerill's Jewellery Boutique.
    97 | D        | Found Faycwoige's Antique Armour Shop.
    97 | D        | Found Oxkohes's Book Shop.
    98 | D        | Found Biadd's Antique Armour Boutique.
    98 | D        | Found Hucwahot's Gadget Shop.
    98 | D        | Found Nyaciurr's Antique Armour Boutique.
    98 | D        | Noticed a crocodile
    98 | D        | Noticed a griffon
   100 | D        | Noticed a griffon
   100 | D        | Killed a crocodile
   100 | D        | Reached skill level 3 in Short Blades
   102 | D        | Found Osiast's Distillery.
   102 | D        | Found Sifajad's Jewellery Boutique.
   102 | D        | Noticed a griffon
   102 | D        | Noticed an oklob plant
   102 | D        | Noticed a slime creature
   103 | D        | Found Viblaic's Magic Scroll Shop.
   103 | D        | Found Hesup's Food Boutique.
   103 | D        | Found Rofaozul's Book Shoppe.
   103 | D        | Noticed a slime creature
   103 | D        | Noticed a slime creature
   106 | D        | Bought a scroll of random uselessness for 11 gold pieces
   113 | D        | Bought an uncursed amulet of faith for 400 gold pieces
   115 | D        | Noticed a polar bear
   117 | D        | Noticed a polar bear
   118 | D        | Bought 2 potions of invisibility for 160 gold pieces
   123 | D        | Bought a glowing robe for 20 gold pieces
   128 | D        | Killed Menkaure
   154 | D        | Noticed an electric eel
   154 | D        | Noticed an electric eel
   154 | D        | Noticed an electric eel
   155 | D        | Noticed an electric eel
   155 | D        | Noticed an electric eel
   155 | D        | Noticed an electric eel
   156 | D        | Noticed an electric eel
   169 | D        | Noticed a lava snake
   169 | D        | Noticed a lava snake
   170 | D        | Noticed a lava snake
   190 | D        | Found a roughly hewn altar of Beogh.
   191 | D        | Found an iron altar of Okawaru.
   191 | D        | Found a glowing golden altar of the Shining One.
   192 | D        | Found a snail-covered altar of Cheibriados.
   192 | D        | Found a sparkling altar of Nemelex Xobeh.
   192 | D        | Found a radiant altar of Vehumet.
   192 | D        | Found a burning altar of Makhleb.
   193 | D        | Found a sacrificial altar of Ru.
   193 | D        | Found a viscous altar of Jiyva.
   193 | D        | Found a deep blue altar of Sif Muna.
   193 | D        | Found a corrupted altar of Lugonu.
   194 | D        | Found a blossoming altar of Fedhas.
   194 | D        | Found a stormy altar of Qazlal.
   194 | D        | Found a shimmering altar of Xom.
   195 | D        | Found a white marble altar of Elyvilon.
   195 | D        | Found a shadowy altar of Dithmenos.
   195 | D        | Found an opulent altar of Gozag.
   196 | D        | Found an ancient bone altar of Kikubaaqudgha.
   196 | D        | Found a bloodstained altar of Trog.
   197 | D        | Noticed a crocodile
   198 | D        | Found a glowing silver altar of Zin.
   198 | D        | Found a basalt altar of Yredelemnul.
   205 | D        | Became a worshipper of Trog the Wrathful
   208 | D        | Noticed a crocodile
   217 | D        | Killed a crocodile
   217 | D        | Reached XP level 8. HP: 39/39 MP: 9/9
   235 | D        | Noticed an ice dragon
   238 | D        | Killed an ice dragon
   238 | D        | Reached * piety under Trog
   238 | D        | Reached skill level 4 in Fighting
   238 | D        | Reached skill level 5 in Short Blades
   238 | D        | Reached skill level 14 in Throwing
   238 | D        | Reached skill level 16 in Stealth
   251 | D        | Noticed a great orb of eyes
   253 | D        | Killed a great orb of eyes
   253 | D        | Reached skill level 5 in Fighting
   253 | D        | Reached skill level 7 in Short Blades
   253 | D        | Reached skill level 15 in Throwing
   253 | D        | Reached skill level 17 in Stealth
   253 | D        | Reached XP level 9. HP: 43/47 MP: 10/10
   260 | D        | Noticed a deep elf master archer
   263 | D        | Noticed a death yak
   265 | D        | Killed a death yak
   265 | D        | Reached ** piety under Trog
   311 | D        | Bought a scroll of identify for 22 gold pieces
   311 | D        | Bought a scroll of identify for 22 gold pieces
   311 | D        | Bought a scroll of identify for 22 gold pieces
   311 | D        | Bought a scroll of identify for 22 gold pieces
   311 | D        | Bought a scroll of remove curse for 33 gold pieces
   311 | D        | Bought a scroll of enchant weapon for 82 gold pieces
   311 | D        | Bought a scroll of fear for 38 gold pieces
   311 | D        | Bought a scroll of enchant weapon for 82 gold pieces
   311 | D        | Bought a scroll of remove curse for 33 gold pieces
   311 | D        | Bought a scroll of blinking for 82 gold pieces
   313 | D        | Bought a runed rapier for 60 gold pieces
   315 | D        | Bought a potion of poison for 10 gold pieces
   315 | D        | Bought a potion of cancellation for 80 gold pieces
   315 | D        | Bought a potion of agility for 40 gold pieces
   325 | D        | Noticed a scorpion
   327 | D        | Killed a scorpion
   332 | D        | Noticed a lava snake
   353 | D        | Noticed a polar bear
   354 | D        | Noticed a yaktaur
   354 | D        | Noticed a wasp
   357 | D        | Noticed a polar bear
   357 | D        | Noticed a polar bear
   358 | D        | Killed a polar bear
   358 | D        | Reached *** piety under Trog
   358 | D        | Reached skill level 6 in Fighting
   358 | D        | Reached skill level 8 in Short Blades
   359 | D        | Paralysed by a wasp for 2 turns
   361 | D        | Killed a wasp
   362 | D        | Killed a polar bear
   362 | D        | Received a gift from Trog
   362 | D        | HP: 2/48 [polar bear (9)]
   367 | D        | Killed a polar bear
   367 | D        | Reached **** piety under Trog
   367 | D        | Reached skill level 16 in Throwing
   369 | D        | Slain by a yaktaur

Action                   |  1- 3 |  4- 6 |  7- 9 || total
-------------------------+-------+-------+-------++-------
Melee: Dagger            |     1 |     5 |     8 ||    14
       Rapier            |       |       |     8 ||     8
 Fire: Blowgun           |       |    10 |     4 ||    14
  Use: Potion            |       |       |     2 ||     2
       Scroll            |       |       |     1 ||     1
 Stab: Sleeping          |     1 |     7 |     9 ||    17
       Invisible         |       |       |     4 ||     4
